 Dungeon Crawl Stone Soup version 0.31-a0-221-gbddc013574 (webtiles) character file.

Game seed: 13253745831674714204

424299 coffeetime the Acrobat (level 24, -6/174 HPs)
             Began as a Djinni Conjurer on June 30, 2023.
             Was the Champion of Zin.
             Killed from afar by a hellion (30 damage)
             ... with damnation
             ... on level 3 of the Abyss on July 5, 2023.
             The game lasted 09:06:50 (56622 turns).

coffeetime the Acrobat (Djinni Conjurer)           Turns: 56622, Time: 09:06:51

Health: -6/174     AC: 17    Str: 12    XL:     24   Next: 55%
Gold:   3700       EV: 27    Int: 39    God:    Zin [******] SH: 19 Dex: 22

rFire   + + +        (no weapon)
rCold   + . .        P - +4 kite shield
rNeg    . . .        Y - +6 faerie dragon scales {rCorr Str+8}
rPois   ∞            A - +2 helmet {SInv}
rElec   +            H - scarf {rC+ rF+}
rCorr   +            t - -1 pair of gloves of Uskayaw's Inspiration {*Slow rElec Will+ Int+3}
SInv    +            (boots unavailable)
Will    +++..        o - amulet of regeneration
Stlth   ++++         S - ring "Jickyf" {rC+ Int+6 Stlth+}
HPRegen 1.29/turn    m - ring of Piomnoca {+Blink rCorr Str-2 Dex+8}
MPRegen 0.00/turn

%: slow self (1%), infuse magic (-7 HP)
@: on recite cooldown, flying, studying 3 skills
A: sickness immunity, fire resistance 2, cold vulnerability 1, float, innate
caster, HP casting, extra vitality 1
}: 3/15 runes: decaying, serpentine, slimy
a: Renounce Religion, Evoke Blink, Recite, Vitalisation, Imprison, Sanctuary,
Donate Gold


You were on level 3 of the Abyss.
You worshipped Zin.
Zin was exalted by your worship.
You visited 10 branches of the dungeon, and saw 44 of its levels.
You visited the Abyss 1 time.
You visited 1 bazaar.
You also visited: Trove, Sewer, Bailey, Gauntlet, Ice Cave and Volcano.

You collected 6468 gold pieces.
You spent 2593 gold pieces at shops.
You donated 175 gold pieces to Zin.

Inventory:

Hand Weapons
 a - the +3 Elemental Staff {rElec rF+ rC+ AC+3}
   (You bought it in a shop in a bazaar)

   It enhances your fire, ice, earth and air magic.
   AC:        It affects your AC (+3).
   rF:        It protects you from fire.
   rC:        It protects you from cold.
   rElec:     It insulates you from electricity.
 b - the +2 Maxwell's thermic engine {flame, freeze, rev}
   (You found it on level 5 of the Pits of Slime)
Missiles
 l - 15 curare-tipped darts
 v - 71 poisoned darts
 C - 7 throwing nets
 E - 10 silver javelins
 F - 4 boomerangs of dispersal
 M - 11 silver boomerangs
Armour
 t - the -1 pair of gloves of Uskayaw's Inspiration (worn) {*Slow rElec Will+ Int+3}
   (You acquired it on level 1 of the Snake Pit)

   Int:       It affects your intelligence (+3).
   rElec:     It insulates you from electricity.
   *Slow:     It may slow you when you take damage.
   Will:      It increases your willpower.
 A - a +2 helmet of see invisible (worn)
 H - a scarf of resistance (worn)
 P - a +4 kite shield (worn)
 Y - the +6 faerie dragon scales (worn) {rCorr Str+8}
   (You took it off the Enchantress on level 2 of the Depths)

   Str:       It affects your strength (+8).
   rCorr:     It protects you from acid and corrosion.
Jewellery
 m - the ring of Piomnoca (right hand) {+Blink rCorr Str-2 Dex+8}
   (You found it on level 1 of the Vaults)

   [ring of resist corrosion]

   Str:       It affects your strength (-2).
   Dex:       It affects your dexterity (+8).
   +Blink:    It lets you blink.
   rCorr:     It protects you from acid and corrosion.
 n - the ring of Mulo {Fly rC+ Will+ Str+3}
   (You found it on level 5 of the Pits of Slime)

   [ring of flight]

   Str:       It affects your strength (+3).
   rC:        It protects you from cold.
   Fly:       It grants you flight.
   Will:      It increases your willpower.
 o - an amulet of regeneration (around neck)
 B - a ring of the Octopus King {rN+ HP+2 AC+2 EV+2 SH+2}
   (You found it on level 5 of the Pits of Slime)

   [ring of positive energy]

   AC:        It affects your AC (+2).
   EV:        It affects your evasion (+2).
   rN:        It protects you from negative energy.
   HP:        It affects your health (+2).
   SH:        It affects your SH (+2).
 Q - the ring of Gois {rC+ rCorr Int+6}
   (You took it off a deep elf zephyrmancer on level 3 of the Elven Halls)

   [ring of resist corrosion]

   Int:       It affects your intelligence (+6).
   rC:        It protects you from cold.
   rCorr:     It protects you from acid and corrosion.
 S - the ring "Jickyf" (left hand) {rC+ Int+6 Stlth+}
   (You found it on level 15 of the Dungeon)

   [ring of intelligence]

   Int:       It affects your intelligence (+6).
   rC:        It protects you from cold.
   Stlth:     It makes you more stealthy.
Wands
 h - a wand of light (24)
 j - a wand of paralysis (43) (quivered)
 I - a wand of roots (44)
 K - a wand of mindburst (24)
 Z - a wand of digging (32)
Scrolls
 e - 9 scrolls of fog
 k - 8 scrolls of immolation
 q - a scroll of enchant armour
 r - 3 scrolls of butterflies
 w - 8 scrolls of blinking
 y - 2 scrolls of revelation
 z - 4 scrolls of vulnerability
 D - 6 scrolls of fear
 G - 24 scrolls of teleportation
 N - a scroll of silence
 R - 16 scrolls of poison
Potions
 c - 7 potions of attraction
 d - 6 potions of brilliance
 g - 10 potions of mutation
 i - 13 potions of heal wounds
 p - 5 potions of invisibility
 s - 21 potions of curing
 u - 2 potions of cancellation
 x - 4 potions of ambrosia
 T - 6 potions of might
 U - 2 potions of berserk rage
 V - 15 potions of haste
 X - 2 potions of resistance
Miscellaneous
 f - a tin of tremorstones (2/2)


   Skills:
 - Level 15.2 Fighting
 - Level 0.1 Maces & Flails
 - Level 2.1 Polearms
 - Level 8.0 Armour
 - Level 22.0 Dodging
 - Level 5.4 Stealth
 - Level 15.0 Shields
 + Level 20.2 Spellcasting
 + Level 20.2 Conjurations
 + Level 20.2 Hexes
 + Level 20.2 Summonings
 + Level 20.2 Necromancy
 + Level 20.2 Translocations
 + Level 20.2 Transmutations
 + Level 20.2 Fire Magic
 + Level 21.0 Ice Magic
 + Level 20.2 Air Magic
 + Level 20.2 Earth Magic
 + Level 20.2 Poison Magic
 - Level 11.0 Invocations
 - Level 10.0 Evocations


You knew the following spells:

 Your Spells              Type           Power      Damage    Failure   Level
a - Magic Dart            Conj           100%       1d8       0%          1
b - Searing Ray           Conj           100%       2d8       0%          2
c - Dazzling Flash        Conj/Hex       100%       N/A       0%          3
d - Fulminant Prism       Conj/Hex       57%        3d25      0%          4
e - Iskenderun's Mystic   Conj/Tloc      100%       2d19      0%          4
f - Sandblast             Erth           100%       2d20      0%          1
g - Scorch                Fire           100%       2d9       0%          2
h - Static Discharge      Conj/Air       100%       2-7/arc   0%          2
i - Leda's Liquefaction   Hex/Erth       57%        N/A       0%          4
j - Summon Ice Beast      Ice/Summ       100%       N/A       0%          4
k - Summon Forest         Summ/Tloc      57%        N/A       0%          5
l - Summon Cactus Giant   Summ           57%        N/A       1%          6
m - Summon Hydra          Summ           57%        N/A       1%          7
n - Plasma Beam           Fire/Air       57%        2x1d73    1%          6
o - Discord               Hex            57%        N/A       3%          8
p - Malign Gateway        Summ/Tloc      57%        N/A       1%          7
Your spell library was empty.

Dungeon Overview and Level Annotations

Branches:
Dungeon (15/15)            Temple (1/1) D:7            Lair (5/5) D:9
  Swamp (4/4) Lair:3        Snake (4/4) Lair:2        Slime (5/5) Lair:5
    Orc (2/2) D:11            Elf (3/3) Orc:2        Vaults (3/5) D:14
 Depths (2/4) D:15          Sewer (visited)          Bailey (visited)
  IceCv (visited)         Volcano (visited)         Gauntlet (visited)
  Crypt: Vaults:2-3

Altars:
Ashenzari
Cheibriados
Dithmenos
Elyvilon
Fedhas
Gozag
Hepliaklqana
Makhleb
Nemelex Xobeh
Okawaru
Qazlal
Ru
Trog
Uskayaw
Wu Jian
Xom
Yredelemnul
Zin
The Shining One
Jiyva

Shops:
D:6 *   D:9 [   D:15 (   Orc:2 *=[(   Elf:1 (   Snake:1 ?*!**   Vaults:2 [

Portals:
Hell: Depths:1 Depths:2
Abyss: Depths:1 Depths:2
Pandemonium: Depths:1 Depths:2
Ziggurat: Depths:2

Annotations:
D:9 2 transporters
D:10 1 runed translucent door, Lance11888's ghost, journeyman OpDe
Elf:2 3 runed translucent doors
Vaults:2 Mennas
Vaults:3 Boris
Depths:2 3 runed translucent doors


Innate Abilities, Weirdness & Mutations

You are immune to sickness and miasma.
You are immune to poison.
Your flesh is very heat resistant. (rF++)
You are vulnerable to cold. (rC-)
You float through the air rather than walking.
You learn spells naturally, not from books.
Your magical power is your life essence.
You have superior vitality. (+4 MHP)


Message History

You feel a bit more experienced.
Your eight-headed hydra bites the large abomination.
Your eight-headed hydra barely misses the large abomination.
Your eight-headed hydra bites the large abomination.
Your eight-headed hydra completely misses the large abomination.
Your eight-headed hydra bites the large abomination.
Your eight-headed hydra bites the large abomination but does no damage.
Your eight-headed hydra bites the large abomination.
The large abomination is destroyed!
Zin accepts your kill.
Your Ice Magic skill increases to level 21!
Okay, then.
A chorus of shrieks assaults your mind.
* * * LOW HITPOINT WARNING * * *
A starcursed mass splits.
A chorus of shrieks assaults your mind.
* * * LOW HITPOINT WARNING * * *
Casting: Plasma Beam (safe; 1% risk of failure)
Confirm with . or Enter, or press ? or * to list all spells.
Casting: Plasma Beam (safe; 1% risk of failure)
Press: ? - help, Dir - look around, f - activate The bolt of lightning hits the starcursed mass!
You destroy the starcursed mass!
The bolt of lightning hits the starcursed mass!!!
You destroy the starcursed mass!
* * * LOW HITPOINT WARNING * * *
You hear a roar!
You hear an angry hiss.
You hear a bark! x3
You hear a shout!
Casting: Plasma Beam (safe; 1% risk of failure)
Confirm with . or Enter, or press ? or * to list all spells.
Casting: Plasma Beam (safe; 1% risk of failure)
Press: ? - help, Dir - look around, f - activate The bolt of lightning hits the starcursed mass!!!!
You destroy the starcursed mass!
* * * LOW HITPOINT WARNING * * *
Unknown command.
A hellion comes into view.
The hellion gestures at you.
The sphere of damnation explodes!
The damnation engulfs you!!
You die...

#
...#.)####D.#.#
. # ...#
.#.##.## ~⌠⌠ .#
# ..#...## ..#)
# #........ # #
) ###....# ..#
#....#
.#..###...#
#.....##..#
#...##@#### #.#
#..# # #...#
##.#. .. . #.2
## ##. ..


You could see a hellion.

Vanquished Creatures
  Jorgrun (Swamp:3)
  A lich (Depths:2)
  3 deep elf blademasters (Elf:3)
  16 acid blobs
  3 deep elf master archers (Elf:3)
  A tentacled starspawn (Abyss:3)
  4 sphinxes
  7 azure jellies
  9 nagarajas (Snake:4)
  5 rockslimes
  3 frost giants (Depths:1)
  7 deep elf sorcerers (Elf:3)
  6 vault wardens
  Aizul (Snake:2)
  A balrug (Abyss:3)
  6 deep elf elementalists (Elf:3)
  An orc warlord (Vaults:3)
  3 very ugly things (Depths:2)
  3 spriggan defenders (Depths:2)
  8 ironbound preservers
  5 formless jellyfish
  A caustic shrike skeleton (Abyss:3)
  9 stone giants
  6 ironbound thunderhulks
  6 quicksilver oozes
  7 deep elf demonologists
  2 vampire knights
  2 eleionomae
  13 deep elf annihilators (Elf:3)
  3 dire elephants (Vaults:1)
  2 blizzard demons
  6 deep elf death magi (Elf:3)
  7 ettins
  2 fire dragons (Depths:2)
  10 yaktaur captains
  Harold (D:11)
  8 deep elf high priests (Elf:3)
  16 great orbs of eyes
  4 rakshasas
  2 ice dragons
  7 hydras
  2 salamander tyrants (Snake:4)
  5 vault guards
  A catoblepas (D:14)
  6 centaur warriors
  8 anacondas
  Erolcha (D:11)
  A merfolk avatar (Lair:5)
  A death knight (D:15)
  A spriggan air mage (Depths:2)
  9 ironbound frosthearts
  4 tengu warriors
  A two-headed ogre (D:9)
  2 alligators (Swamp:3)
  2 deep troll earth magi (Depths:2)
  2 boulder beetles
  4 shock serpents (Snake:4)
  11 naga warriors
  5 hell knights
  An orc high priest (Orc:1)
  8 death yaks
  2 spriggan berserkers
  10 naga sharpshooters
  4 sun demons (Abyss:3)
  8 deep elf knights
  A skyshark (Lair:5)
  A wretched star (Abyss:3)
  Lodul (D:10)
  A fire crab (shapeshifter) (Depths:2)
  5 skeletal warriors
  4 salamander mystics
  A goliath frog (Swamp:3)
  6 sea snakes
  9 naga ritualists
  11 deep trolls
  3 swamp dragons (Swamp:4)
  A glowing orange brain (Slime:3)
  A golden dragon skeleton (Abyss:3)
  3 bog bodies
  A flayed ghost (Depths:2)
  2 spriggan druids (Swamp:4)
  3 phantasmal warriors
  9 wizards
  6 deep elf archers
  12 lindwurms
  3 harpies (Lair:5)
  An anaconda skeleton (Volcano)
  13 ironbound convokers
  8 deep elf zephyrmancers
  11 mana vipers
  A wolf spider zombie (D:14)
  5 orc knights
  6 orc sorcerers
  5 necromancers
  14 ugly things
  9 deep elf pyromancers
  16 salamanders
  5 shining eyes
  2 large abominations (Abyss:3)
  A manticore (D:13)
  A will-o-the-wisp (Swamp:1)
  A stone giant skeleton (Abyss:3)
  An elephant (Lair:5)
  6 guardian serpents
  7 vault sentinels
  A rust devil (Depths:2)
  29 naga magi
  5 eyes of devastation
  33 black mambas
  2 orange demons (Depths:1)
  4 smoke demons
  A centaur skeleton (Abyss:3)
  8 centaur zombies
  5 gargoyles (Volcano)
  3 ice statues
  An unseen horror (D:11)
  7 cane toads
  5 nameless horrors
  31 yaktaurs
  6 rime drakes
  2 unseen horrors (shapeshifter)
  An efreet (D:9)
  7 komodo dragons
  4 tengu conjurers
  6 ice devils (IceCv)
  3 hellwings
  An ancient zyme (Abyss:3)
  A bloated husk (Swamp:1)
  4 hornets
  A hornet (shapeshifter) (Elf:3)
  3 tyrant leeches
  8 polar bears
  A human skeleton (Vaults:1)
  25 blink frogs
  A raiju (Gauntlet)
  3 harpy skeletons (Volcano)
  2 meliai zombies (D:14)
  3 air elementals
  6 flying skulls
  2 alligator skeletons (Volcano)
  54 slime creatures
  5 vampires (D:14)
  A ynoxinul (Depths:2)
  6 spriggans
  6 shadows
  4 wraiths
  2 dire elephant simulacra (IceCv)
  23 yaks
  2 basilisks (D:14)
  A golden eye (Slime:2)
  16 starcursed masses (Abyss:3)
  11 wyverns
  A human (shapeshifter) (Elf:2)
  3 chaos spawn
  3 neqoxecs
  A harpy simulacrum (IceCv)
  4 vampire mosquitoes
  56 nagas
  3 wargs (Orc:1)
  A steam dragon (D:8)
  Edmund (D:6)
  7 swamp worms
  A hell hound (D:14)
  26 water moccasins
  A floating eye (Slime:5)
  An acid dragon (D:9)
  A human simulacrum (Vaults:1)
  A hydra simulacrum (IceCv)
  2 swamp drakes (Swamp:4)
  13 orc warriors
  A hornet zombie (D:14)
  4 ice beasts
  A sky beast (D:8)
  3 black bears
  5 ogres
  3 wolves (Lair:3)
  4 centaurs
  3 phantoms
  10 kobold brigands
  An earth elemental (Elf:1)
  10 bullfrogs
  5 gnoll sergeants
  A scorpion (D:5)
  A cane toad simulacrum (IceCv)
  15 wights
  9 killer bees
  A spriggan skeleton (Volcano)
  9 howler monkeys
  13 electric eels
  3 jellies
  2 troll skeletons (Volcano)
  3 lava snakes (Lair:2)
  7 hounds
  4 small abominations
  5 orc priests
  3 gnoll boudas
  A boggart zombie (D:14)
  7 iguanas
  Ijyb (D:5)
  15 orc wizards
  16 hell rats
  A naga skeleton (Volcano)
  4 ogre zombies (D:11)
  36 gnolls
  4 adders
  A naga simulacrum (IceCv)
  A river rat (Sewer)
  2 shadow imps
  4 white imps
  3 ufetubi
  A worm (D:2)
  2 dart slugs
  53 orcs
  4 endoplasms (D:1)
  5 giant cockroaches
  11 goblins
  6 hobgoblins (D:2)
  41 kobolds
  6 quokkas
  3 ball pythons
  3 frilled lizards
  2 goblin skeletons (D:11)
  A goblin zombie (D:11)
  A hobgoblin skeleton (D:11)
  3 hobgoblin zombies (D:11)
  3 orc skeletons (D:11)
  7 orc zombies (D:11)
  9 rats
1369 creatures vanquished.

Vanquished Creatures (collateral kills)
  the Royal Jelly (Slime:5)
  Margery (Vaults:2)
  Saint Roka (Orc:2)
  the Enchantress (Depths:2)
  A deep elf blademaster (Elf:3)
  2 acid blobs (Slime:5)
  Gastronok (D:10)
  7 rockslimes
  The ghost of Jyasoedi the Destroyer, a journeyman DsEE of Vehumet (D:15)
  3 azure jellies (Slime:5)
  The ghost of Koigyickaps the Warrior, a journeyman HOMo of Hepliaklqana (Orc:1)
  2 deep elf sorcerers
  A fire giant (Depths:1)
  Louise (D:15)
  2 vault wardens
  A deep elf elementalist (Elf:2)
  A cacodemon (Gauntlet)
  8 quicksilver oozes (Slime:5)
  A formless jellyfish (Slime:4)
  An ironbound preserver (Vaults:1)
  A stone giant (D:15)
  Nessos (D:13)
  A minotaur (Gauntlet)
  3 bunyips
  Snorg (Orc:2)
  An eleionoma (Swamp:3)
  4 fire dragons
  A yaktaur captain (Vaults:3)
  An ice dragon (Swamp:4)
  13 hydras
  2 ghost crabs
  3 vault guards
  3 centaur warriors
  2 ironbound frosthearts
  4 boulder beetles
  A starcursed mass (Abyss:3)
  A death knight (D:9)
  3 death yaks (Lair:4)
  A tengu warrior (D:15)
  12 dancing weapons
  9 alligators
  9 deep elf knights
  An orc high priest (Orc:2)
  Sonja (D:11)
  Urug (Lair:1)
  4 hell knights (Vaults:2)
  Nergalle (D:10)
  7 skeletal warriors
  2 deep trolls
  3 goliath frogs
  A spriggan druid (Swamp:4)
  A large abomination (Abyss:3)
  4 bog bodies
  A swamp dragon (shapeshifter) (D:15)
  6 swamp dragons
  A naga ritualist (Snake:2)
  A phantasmal warrior (Depths:1)
  A wolf spider zombie (D:14)
  2 ironbound convokers
  5 deep elf archers
  4 orc knights
  12 deep elf zephyrmancers
  12 deep elf pyromancers
  2 mana vipers (Snake:2)
  2 necromancers
  3 lindwurms
  3 orc sorcerers (Orc:2)
  4 will-o-the-wisps
  4 salamanders
  3 ugly things (Vaults:2)
  4 cyclopes
  A manticore (Lair:5)
  A moth of wrath (Orc:1)
  A shining eye (Slime:4)
  An elephant (Lair:5)
  Maurice (D:12)
  4 centaur zombies (D:14)
  4 black mambas (Snake:2)
  2 gargoyles
  4 komodo dragons
  5 rime drakes
  A cane toad (Lair:4)
  4 yaktaurs
  A polar bear (Lair:5)
  2 bloated husks
  6 trolls
  4 tyrant leeches
  3 hornets
  A centaur simulacrum (D:15)
  15 slime creatures
  A flying skull (Abyss:2)
  4 shadows
  3 wraiths
  A spriggan (shapeshifter) (D:14)
  5 air elementals
  3 spriggans
  2 water elementals (Elf:2)
  10 yaks
  3 vampires
  3 fire elementals
  2 steam dragons (Gauntlet)
  3 basilisks
  8 neqoxecs
  An elf skeleton (Vaults:1)
  A warg (Orc:2)
  6 vampire mosquitoes
  2 nagas (Snake:2)
  15 swamp worms
  A human zombie (Vaults:1)
  A water moccasin (shapeshifter) (D:15)
  17 orc warriors
  6 swamp drakes (Swamp:4)
  6 ogres
  A hornet zombie (D:14)
  2 boggarts (Elf:1)
  Blork the orc (Orc:2)
  A bullfrog (Lair:3)
  2 earth elementals
  A troll zombie (D:11)
  3 quasits (D:15)
  6 orc priests (Orc:2)
  A hell rat (D:14)
  7 orc wizards
  4 nameless horrors
  An ogre zombie (D:11)
  29 orcs
  A kobold (D:10)
  An orc skeleton (D:11)
  An orc zombie (D:11)
438 creatures vanquished.

Vanquished Creatures (others)
  An acid blob (Slime:5)
  A rockslime (Slime:5)
  An azure jelly (Slime:5)
  An alligator (Swamp:4)
  A bloated husk (Swamp:3)
  A tyrant leech (Swamp:3)
  A naga skeleton (Volcano)
  A kobold (Sewer)
  15 foxfires
  65 fulminant prisms
  15 snaplasher vines
103 creatures vanquished.

Grand Total: 1910 creatures vanquished

Notes
Turn   | Place    | Note
-------+----------+-------------------------------------------
     0 | D:1      | coffeetime the Djinni Conjurer began the quest for the Orb.
     0 | D:1      | coffeetime set off with the following spells memorised:
                  | Magic Dart, Searing Ray, Dazzling Flash, Fulminant Prism,
                  | Iskenderun's Mystic Blast.
     0 | D:1      | Reached XP level 1. HP: 15/15 MP: 0/0
    96 | D:1      | Reached XP level 2. HP: 16/21 MP: 0/0
  1005 | D:2      | Reached skill level 3 in Dodging
  1005 | D:2      | Reached XP level 3. HP: 21/25 MP: 0/0
  1005 | D:2      | Learned a level 1 spell: Sandblast
  1870 | D:3      | You are sucked into a shaft and drop 2 floors!
  1870 | D:5      | Entered Level 5 of the Dungeon
  1876 | D:5      | Noticed a scorpion
  1884 | D:5      | Killed a scorpion
  1885 | D:5      | Reached XP level 4. HP: 25/31 MP: 0/0
  1885 | D:5      | Reached XP level 5. HP: 28/35 MP: 0/0
  1885 | D:5      | Learned a level 2 spell: Scorch
  1931 | D:5      | Reached skill level 4 in Dodging
  2024 | D:5      | Reached XP level 6. HP: 22/40 MP: 0/0
  2200 | D:5      | Noticed an orc warrior
  2200 | D:5      | Noticed an orc warrior
  2212 | D:5      | Noticed an ice beast
  2520 | D:5      | Noticed Ijyb
  2530 | D:4      | Reached XP level 7. HP: 30/46 MP: 0/0
  2530 | D:4      | Learned a level 2 spell: Static Discharge
  2680 | D:4      | Reached skill level 1 in Shields
  2718 | D:4      | Found a glowing drain.
  2722 | Sewer    | Entered a sewer
  2817 | Sewer    | Reached skill level 1 in Fighting
  2837 | Sewer    | Reached skill level 1 in Polearms
  2859 | Sewer    | Found a white marble altar of Elyvilon.
  2977 | Sewer    | Became a worshipper of Elyvilon the Healer
  3197 | D:3      | Found a faded altar of an unknown god.
  3334 | D:3      | Reached * piety under Elyvilon
  4050 | D:5      | Reached skill level 5 in Dodging
  4074 | D:5      | Killed Ijyb
  4400 | D:6      | Reached XP level 8. HP: 39/54 MP: 0/0
  4549 | D:6      | Noticed Edmund
  4891 | D:6      | Reached skill level 5 in Stealth
  5110 | D:6      | Reached ** piety under Elyvilon
  5123 | D:6      | Reached skill level 6 in Dodging
  5154 | D:7      | Found an opulent altar of Gozag.
  5157 | D:7      | Found a burning altar of Makhleb.
  5218 | D:7      | Reached XP level 9. HP: 53/59 MP: 0/0
  5218 | D:7      | Learned a level 4 spell: Leda's Liquefaction
  5310 | D:7      | Reached skill level 5 in Spellcasting
  5310 | D:7      | Reached skill level 5 in Conjurations
  5310 | D:7      | Reached skill level 5 in Hexes
  5310 | D:7      | Reached skill level 5 in Summonings
  5310 | D:7      | Reached skill level 5 in Necromancy
  5310 | D:7      | Reached skill level 5 in Translocations
  5310 | D:7      | Reached skill level 5 in Transmutations
  5310 | D:7      | Reached skill level 5 in Fire Magic
  5310 | D:7      | Reached skill level 5 in Ice Magic
  5310 | D:7      | Reached skill level 5 in Air Magic
  5310 | D:7      | Reached skill level 5 in Earth Magic
  5310 | D:7      | Reached skill level 5 in Poison Magic
  5367 | D:7      | Reached skill level 7 in Dodging
  5577 | D:7      | Found a staircase to the Ecumenical Temple.
  5683 | Temple   | Entered the Ecumenical Temple
  6454 | D:6      | Found Coezaone's General Store.
  6462 | D:6      | Bought a scroll of identify for 24 gold pieces
  6585 | D:6      | Killed Edmund
  7017 | D:8      | Reached skill level 8 in Dodging
  7017 | D:8      | Reached XP level 10. HP: 37/65 MP: 0/0
  7853 | D:5      | Reached skill level 9 in Dodging
  8206 | D:8      | Reached *** piety under Elyvilon
  8794 | D:9      | Found a staircase to the Lair.
  8807 | D:9      | Reached skill level 1 in Invocations
  9083 | D:9      | Reached XP level 11. HP: 64/70 MP: 0/0
  9083 | D:9      | Learned a level 4 spell: Summon Ice Beast
  9278 | D:9      | Reached skill level 10 in Dodging
  9286 | D:9      | Found Rush's Antique Armour Boutique.
  9295 | D:9      | Bought a kite shield for 144 gold pieces
  9357 | D:9      | Found a transporter.
  9906 | D:9      | Noticed a two-headed ogre
  9916 | D:9      | Was placed under penance by Elyvilon
  9919 | D:9      | Killed a two-headed ogre
  9938 | D:9      | Noticed a death knight
 10017 | Lair:1   | Entered Level 1 of the Lair of Beasts
 10017 | Lair:1   | Found a frozen archway.
 10120 | IceCv    | Entered an ice cave
 10140 | IceCv    | Reached skill level 11 in Dodging
 11200 | IceCv    | Noticed a bog body
 11579 | Lair:1   | Reached XP level 12. HP: 70/76 MP: 0/0
 11693 | Lair:1   | Noticed Urug
 11746 | Lair:1   | Reached skill level 12 in Dodging
 11973 | Lair:2   | Was forgiven by Elyvilon
 12522 | Lair:2   | Reached skill level 10 in Spellcasting
 12522 | Lair:2   | Reached skill level 10 in Conjurations
 12522 | Lair:2   | Reached skill level 10 in Hexes
 12522 | Lair:2   | Reached skill level 10 in Summonings
 12522 | Lair:2   | Reached skill level 10 in Necromancy
 12522 | Lair:2   | Reached skill level 10 in Translocations
 12522 | Lair:2   | Reached skill level 10 in Transmutations
 12522 | Lair:2   | Reached skill level 10 in Fire Magic
 12522 | Lair:2   | Reached skill level 10 in Ice Magic
 12522 | Lair:2   | Reached skill level 10 in Air Magic
 12522 | Lair:2   | Reached skill level 10 in Earth Magic
 12522 | Lair:2   | Reached skill level 10 in Poison Magic
 12895 | Lair:2   | Reached **** piety under Elyvilon
 12907 | Lair:2   | Found a staircase to the Snake Pit.
 13231 | Lair:2   | Reached skill level 13 in Dodging
 14364 | Lair:3   | Reached skill level 5 in Fighting
 15462 | Lair:3   | Found a staircase to the Swamp.
 15551 | Lair:4   | Reached XP level 13. HP: 70/87 MP: 0/0
 15551 | Lair:4   | Learned a level 5 spell: Summon Forest
 15634 | Lair:4   | Noticed a seven-headed hydra
 15664 | Lair:4   | Killed a seven-headed hydra
 15665 | Lair:4   | Reached skill level 14 in Dodging
 15744 | Lair:4   | Reached ***** piety under Elyvilon
 16244 | Lair:4   | Reached skill level 15 in Dodging
 16606 | Lair:5   | Entered Level 5 of the Lair of Beasts
 16812 | Lair:5   | Noticed a seven-headed hydra
 17440 | D:9      | Found a transporter.
 17481 | D:9      | Found a transporter.
 17492 | D:9      | Found a transporter.
 17691 | D:10     | Entered Level 10 of the Dungeon
 17691 | D:10     | Noticed Nergalle
 17787 | D:10     | Found a stormy altar of Qazlal.
 17921 | D:10     | Found a flagged portal.
 17931 | Bailey   | Entered a bailey
 19033 | D:10     | Killed Nergalle
 19214 | D:10     | Noticed Lodul
 19303 | D:10     | Killed Lodul
 19360 | D:10     | Noticed Lance11888's ghost (journeyman OpDe)
 19366 | D:10     | Found a runed translucent door.
 19710 | D:10     | Noticed Gastronok
 19933 | Lair:1   | Killed Urug
 19934 | Lair:1   | Reached skill level 16 in Dodging
 19973 | Lair:1   | Reached ****** piety under Elyvilon
 20560 | Lair:1   | Reached skill level 1 in Evocations
 20569 | Lair:1   | Identified the staff "Quluitoj" {rF- rCorr Earth Poison}
 21227 | Lair:5   | Reached XP level 14. HP: 82/101 MP: 0/0
 21233 | Lair:5   | Reached skill level 5 in Shields
 21990 | Lair:5   | Reached skill level 5 in Evocations
 22227 | Lair:5   | Reached skill level 1 in Armour
 22623 | Lair:5   | Found a viscous altar of Jiyva.
 22624 | Lair:5   | Found a staircase to the Slime Pits.
 23036 | Lair:5   | Reached skill level 10 in Fighting
 24179 | D:9      | Reached XP level 15. HP: 89/107 MP: 0/0
 24179 | D:9      | Learned a level 6 spell: Summon Cactus Giant
 24588 | D:10     | Killed Gastronok
 25419 | D:11     | Found a staircase to the Orcish Mines.
 25467 | D:11     | Noticed Sonja
 25473 | D:11     | Killed Sonja
 26490 | D:11     | Noticed Erolcha
 26530 | D:11     | Killed Erolcha
 27001 | D:11     | Noticed Harold
 27448 | Temple   | Upgraded the game from 0.31-a0-210-gccc998df9b to
                  | 0.31-a0-217-g58bb5d79cf
 27650 | Swamp:1  | Entered Level 1 of the Swamp
 30221 | Swamp:3  | Noticed Jorgrun
 30245 | Swamp:3  | Killed Jorgrun
 30339 | Swamp:3  | Reached XP level 16. HP: 104/116 MP: 0/0
 30885 | Swamp:4  | Entered Level 4 of the Swamp
 31333 | Swamp:4  | Got a decaying rune of Zot
 32251 | D:11     | Killed Harold
 32272 | Orc:1    | Entered Level 1 of the Orcish Mines
 32311 | Orc:1    | Found a dark tunnel.
 32340 | Volcano  | Entered a volcano
 32693 | Volcano  | Reached skill level 15 in Spellcasting
 32693 | Volcano  | Reached skill level 15 in Conjurations
 32693 | Volcano  | Reached skill level 15 in Hexes
 32693 | Volcano  | Reached skill level 15 in Summonings
 32693 | Volcano  | Reached skill level 15 in Necromancy
 32693 | Volcano  | Reached skill level 15 in Translocations
 32693 | Volcano  | Reached skill level 15 in Transmutations
 32693 | Volcano  | Reached skill level 15 in Fire Magic
 32693 | Volcano  | Reached skill level 15 in Ice Magic
 32693 | Volcano  | Reached skill level 15 in Air Magic
 32693 | Volcano  | Reached skill level 15 in Earth Magic
 32693 | Volcano  | Reached skill level 15 in Poison Magic
 33118 | Orc:1    | Found a transporter.
 33133 | Orc:1    | Found a transporter.
 33142 | Orc:1    | Found a bloodstained altar of Trog.
 33160 | Orc:1    | Noticed Koigyickaps's ghost (journeyman HOMo)
 33322 | Orc:1    | Reached XP level 17. HP: 121/121 MP: 0/0
 33322 | Orc:1    | Learned a level 7 spell: Summon Hydra
 33333 | Orc:1    | Killed Koigyickaps's ghost
 33352 | Orc:1    | Identified the staff "Kuwasiju" {rF+ Dex+3 Fire}
 33383 | Orc:2    | Entered Level 2 of the Orcish Mines
 33570 | Temple   | Fell from the grace of Elyvilon
 33570 | Temple   | Became a worshipper of Zin the Law-Giver
 33570 | Temple   | Reached * piety under Zin
 33570 | Temple   | Reached ** piety under Zin
 33570 | Temple   | Reached *** piety under Zin
 33570 | Temple   | Reached **** piety under Zin
 33570 | Temple   | Reached ***** piety under Zin
 33785 | Orc:2    | Noticed Blork the orc
 33798 | Orc:2    | Killed Blork the orc
 33800 | Orc:2    | Noticed Saint Roka
 33813 | Orc:2    | Killed Saint Roka
 33814 | Orc:2    | Reached skill level 5 in Invocations
 33857 | Orc:2    | Found Xelaippao's Jewellery Boutique.
 33860 | Orc:2    | Found Cagag's Antique Weapon Boutique.
 33864 | Orc:2    | Found Irhedoxu's Antique Armour Boutique.
 34060 | Orc:2    | Found Niajar's General Store.
 34066 | Orc:2    | Bought a scroll of fear for 72 gold pieces
 34066 | Orc:2    | Bought a scroll of teleportation for 54 gold pieces
 34147 | Orc:2    | Noticed Snorg
 34154 | Orc:2    | Killed Snorg
 34347 | Orc:2    | Found a staircase to the Elven Halls.
 34585 | Elf:1    | Entered Level 1 of the Elven Halls
 34654 | Elf:1    | Reached ****** piety under Zin
 34995 | D:12     | Found a portal to a secret trove of treasure.
 35023 | D:12     | Noticed Maurice
 35038 | D:12     | Killed Maurice
 35736 | D:13     | Identified the +6 falchion of Accord {heavy, Drain +Blink
                  | rF++ Int+3}
 36162 | D:13     | Noticed Nessos
 36165 | D:13     | Killed Nessos
 36298 | D:14     | Found a flickering gateway to a bazaar.
 36361 | D:14     | Found a gate leading to a gauntlet.
 36382 | Bazaar   | Entered a bazaar
 36384 | Bazaar   | Found Faazapru's Armour Boutique.
 36388 | Bazaar   | Found Piywacus's Antique Weapon Boutique.
 36388 | Bazaar   | Found Ilanwesch's General Store.
 36388 | Bazaar   | Found Hutonide's Book Boutique.
 36402 | Bazaar   | Bought the +3 Elemental Staff {rElec rF+ rC+ AC+3} for 685
                  | gold pieces
 36402 | Bazaar   | Found the +3 Elemental Staff {rElec rF+ rC+ AC+3}
 36402 | Bazaar   | Bought a scroll of enchant armour for 90 gold pieces
 36402 | Bazaar   | Bought a wand of digging (5) for 252 gold pieces
 36402 | Bazaar   | Bought a potion of brilliance for 48 gold pieces
 36436 | Gauntlet | Entered a Gauntlet
 36436 | Gauntlet | Found a transporter.
 36436 | Gauntlet | Found a transporter.
 36442 | Gauntlet | Found a transporter.
 36457 | Gauntlet | Found a transporter.
 36457 | Gauntlet | Found a transporter.
 36457 | Gauntlet | Found a transporter.
 36470 | Gauntlet | Identified the ring of Xom's Best Wishes {Fire rPois Int+3
                  | Stlth+}
 36486 | Gauntlet | Found a transporter.
 36506 | Gauntlet | Found a transporter.
 36509 | Gauntlet | Reached skill level 10 in Invocations
 36520 | Gauntlet | Found a transporter.
 36521 | Gauntlet | Found a transporter.
 36530 | Gauntlet | Found a transporter.
 36586 | Gauntlet | Found a transporter.
 36605 | Gauntlet | Found a transporter.
 36609 | Gauntlet | Identified the ring "Xubaeg" {rF- rCorr Dex+8}
 37040 | D:14     | Reached XP level 18. HP: 117/128 MP: 0/0
 37077 | D:14     | Found a gate to the Vaults.
 37623 | D:15     | Entered Level 15 of the Dungeon
 37706 | D:15     | Found a transporter.
 37834 | D:15     | Found a staircase to the Depths.
 37996 | D:15     | Found Gaoddopi's Antique Weapon Emporium.
 38025 | D:15     | Noticed Louise
 38044 | D:15     | Killed Louise
 38061 | D:15     | Noticed Jyasoedi's ghost (journeyman DsEE)
 38085 | D:15     | Found a transporter.
 38382 | D:15     | Killed Jyasoedi's ghost
 38395 | D:15     | Got the ring "Jickyf" {rC+ Int+6 Stlth+}
 38918 | Elf:1    | Found Paizuklu's Weapon Boutique.
 39358 | Elf:2    | Paralysed by an air elemental for 1 turns
 39372 | Elf:2    | Reached skill level 10 in Shields
 39701 | Elf:2    | Paralysed by an air elemental for 1 turns
 39763 | Elf:2    | Reached skill level 5 in Armour
 39955 | Elf:2    | Reached XP level 19. HP: 132/135 MP: 0/0
 39955 | Elf:2    | Learned a level 6 spell: Plasma Beam
 40153 | Elf:2    | Found a runed translucent gate.
 40154 | Elf:2    | Found a runed translucent gate.
 40154 | Elf:2    | Found a runed translucent gate.
 40395 | Snake:1  | Entered Level 1 of the Snake Pit
 40488 | Snake:1  | Identified a scroll of acquirement
 40489 | Snake:1  | Acquired the -1 pair of gloves of Uskayaw's Inspiration
                  | {*Slow rElec Will+ Int+3}
 40572 | Snake:1  | Found Asutowau's General Store.
 40572 | Snake:1  | Found Hoiqep's Assorted Antiques.
 40580 | Snake:1  | Bought a scroll of identify for 30 gold pieces
 40580 | Snake:1  | Bought a scroll of teleportation for 45 gold pieces
 40703 | Snake:1  | Found Hiruxam's Magic Scroll Shoppe.
 40711 | Snake:1  | Bought a scroll of teleportation for 48 gold pieces
 40711 | Snake:1  | Bought a scroll of blinking for 120 gold pieces
 40711 | Snake:1  | Bought a scroll of revelation for 120 gold pieces
 40711 | Snake:1  | Bought a scroll of revelation for 120 gold pieces
 40716 | Snake:1  | Found Ystio's Distillery.
 40716 | Snake:1  | Found Weiliyz's General Store.
 40819 | Snake:1  | Identified the +0 arbalest of Governance {elec, Int-5
                  | Dex+7}
 41282 | Snake:2  | Found a shimmering altar of Xom.
 41876 | Snake:2  | Noticed Aizul
 41881 | Snake:2  | Killed Aizul
 43326 | Snake:4  | Entered Level 4 of the Snake Pit
 43332 | Snake:4  | Reached XP level 20. HP: 127/146 MP: 0/0
 43902 | Snake:4  | Got a serpentine rune of Zot
 44320 | Snake:4  | Upgraded the game from 0.31-a0-217-g58bb5d79cf to
                  | 0.31-a0-221-gbddc013574
 44574 | Vaults:1 | Entered Level 1 of the Vaults
 44675 | Vaults:1 | Identified the ring of Piomnoca {+Blink rCorr Str-2 Dex+8}
 44777 | Vaults:1 | Identified the +1 arbalest of the Real Monster {penet, rC+
                  | Str+5}
 44906 | Vaults:1 | Reached skill level 15 in Fighting
 45138 | Vaults:1 | Reached XP level 21. HP: 134/155 MP: 0/0
 45138 | Vaults:1 | Learned a level 8 spell: Discord
 46156 | Vaults:2 | Noticed Margery
 46473 | Vaults:2 | Killed Margery
 46497 | Vaults:2 | Found Ofap's Antique Armour Boutique.
 46808 | Vaults:2 | Reached skill level 10 in Evocations
 46831 | Vaults:2 | Noticed Mennas
 47161 | Vaults:2 | Bought a crude ring mail for 189 gold pieces
 47161 | Vaults:2 | Identified the +0 ring mail of Watchfulness {Int+4} (You
                  | bought it in a shop on level 2 of the Vaults)
 47476 | Vaults:3 | Noticed Boris
 47563 | Vaults:3 | Reached skill level 15 in Shields
 47710 | Vaults:3 | Reached XP level 22. HP: 148/161 MP: 0/0
 47774 | Vaults:3 | Identified the +9 dagger of the Hurtling Gods {chaos,
                  | *Noise rN+ Int+3}
 48931 | Elf:3    | Entered Level 3 of the Elven Halls
 49640 | Elf:3    | Paralysed by an air elemental for 1 turns
 49671 | Elf:3    | Paralysed by an air elemental for 1 turns
 49700 | Elf:3    | Reached skill level 17 in Dodging
 49728 | Elf:3    | Identified the amulet "Vihiun" {Spirit +Inv rPois Dex+3}
 49950 | Elf:3    | Identified the ring of Gois {rC+ rCorr Int+6}
 50085 | Elf:3    | Reached XP level 23. HP: 115/166 MP: 0/0
 50085 | Elf:3    | Learned a level 7 spell: Malign Gateway
 50179 | Elf:3    | Identified the +4 spear "Doic" {elec, rN+ rCorr Str+3}
 50262 | Elf:3    | Identified the ring "Kamp" {*Slow rElec rF+ rCorr Int+6}
 50266 | Elf:3    | Identified the staff "Koafyehi" {*Corrode rF+ Str+5 Dex+3
                  | Fire}
 50268 | Elf:3    | Identified the +1 short sword of Malum Prohibitum {heavy,
                  | rPois Will+ Dex-5}
 50869 | Orc:2    | Bought a potion of mutation for 144 gold pieces
 51091 | Snake:1  | Bought a potion of heal wounds for 90 gold pieces
 51091 | Snake:1  | Bought a potion of heal wounds for 90 gold pieces
 51091 | Snake:1  | Bought a potion of heal wounds for 90 gold pieces
 51091 | Snake:1  | Bought a potion of heal wounds for 90 gold pieces
 51096 | Snake:1  | Bought a potion of curing for 48 gold pieces
 51387 | Depths:1 | Entered Level 1 of the Depths
 51441 | Depths:1 | Found a broken altar of Ashenzari.
 51904 | Depths:1 | Found a one-way gate leading to the halls of Pandemonium.
 52067 | Depths:1 | Found a one-way gate to the infinite horrors of the Abyss.
 52143 | Depths:1 | Identified the +0 scale mail "Egisk" {rF+ Stlth+}
 52353 | Depths:1 | You are sucked into a shaft and drop 1 floor!
 52379 | Depths:2 | Noticed the Enchantress
 52640 | Depths:1 | Found a shadowy altar of Dithmenos.
 52659 | Depths:1 | Found a gateway to Hell.
 52838 | Depths:2 | Found a one-way gateway to a ziggurat.
 52913 | Depths:2 | Reached skill level 18 in Dodging
 52945 | Depths:2 | Found a runed translucent door.
 52953 | Depths:2 | Killed the Enchantress
 53499 | Depths:2 | Reached skill level 19 in Dodging
 53535 | Depths:2 | Found a runed translucent door.
 53576 | Depths:2 | Found a runed translucent door.
 53625 | Depths:2 | Identified the +1 cloak "Vafierph" {Str+3}
 53626 | Depths:2 | Identified the +6 plate armour of the Accordion {Harm rC+++
                  | Dex-5 Slay-2}
 54161 | D:12     | You paid a toll of +5 fire dragon scales to enter a
                  | treasure trove
 54162 | Trove    | Entered a treasure trove
 54239 | Trove    | Identified the amulet "Oman" {Faith Drain Will+ Int+4
                  | Stlth+}
 54503 | Slime:1  | Entered Level 1 of the Pits of Slime
 54594 | Slime:2  | Reached skill level 20 in Dodging
 54844 | Slime:4  | Reached skill level 21 in Dodging
 54852 | Slime:4  | Reached XP level 24. HP: 90/174 MP: 0/0
 54938 | Slime:5  | Entered Level 5 of the Pits of Slime
 54976 | Slime:5  | Noticed the Royal Jelly
 55166 | Slime:5  | Reached skill level 22 in Dodging
 55240 | Slime:5  | Found a viscous altar of Jiyva.
 55339 | Slime:5  | Killed the Royal Jelly
 55400 | Slime:5  | Found the +2 Maxwell's thermic engine {flame, freeze, rev}
 55440 | Slime:5  | Got a slimy rune of Zot
 55442 | Slime:5  | Identified the +9 quarterstaff "Uxtini" {venom, rF+ rC+}
 55506 | Slime:5  | Identified the ring of Jaqoo {rPois rF+ Str+3 Int+2}
 55561 | Slime:5  | Found the ring of the Octopus King
 55591 | Slime:5  | Identified the ring of Mulo {Fly rC+ Will+ Str+3}
 55593 | Slime:5  | Identified a ring of the Octopus King {rN+ HP+2 AC+2 EV+2
                  | SH+2}
 56255 | Depths:2 | Voluntarily entered the Abyss.
 56311 | Abyss:2  | Found a corrupted altar of Lugonu.
 56317 | Abyss:2  | Found a corrupted altar of Lugonu.
 56412 | Abyss:3  | Found a corrupted altar of Lugonu.
 56506 | Abyss:3  | Found a corrupted altar of Lugonu.
 56622 | Abyss:3  | Killed from afar by a hellion

Illustrated notes

Levels and vault maps discovered:
D:1:      amcnicky_arrival_feature_with_door, layout_basic, serial_curves,
          eino_curves_03, eino_curves_02, eino_curves_03, eino_curves_01,
          minmay_surrounded
D:2:      layout_basic, serial_rivers, chequers_serial_rivers_micro_d,
          chequers_serial_rivers_micro_a, chequers_serial_rivers_room_b,
          chequers_serial_rivers_micro_e, chequers_serial_rivers_room_b,
          chequers_serial_rivers_small_b, moated_statue,
          kennysheep_cross_bottleneck, minmay_goblin_outpost
D:3:      layout_basic, nicolae_ecumenical_oubliette, kennysheep_another_room
D:4:      layout_basic, gup_sewer_entry_bowl
D:5:      layout_cave_pools, minmay_divided_ellipse, uniq_ijyb
D:6:      layout_cave_pools, serial_shops, shop, uniq_edmund
D:7:      layout_gridville, nicolae_overflow_squiral,
          minmay_temple_entry_gardened_gates
D:8:      layout_loops_ring
D:9:      minmay_opposing_rooms, layout_loops_ring, david_lair_generic,
          serial_shops, nicolae_shop_tiny_statue_garden,
          nicolae_diode_intersection
D:10:     layout_layer_cave, nicolae_qazlal_general_emergency,
          hellmonk_ghost_big_iron, enter_bailey_8, nzn_life_drinkers,
          uniq_lodul, uniq_gastronok, uniq_nergalle
D:11:     layout_basic, zombieorc1_lemuel, uniq_sonja, uniq_harold, uniq_erolcha
D:12:     layout_irregular_city, nicolae_trove_entry_isolated, uniq_maurice
D:13:     layout_long_grid, nrook_guardian_serpent_ordinary, uniq_nessos
D:14:     layout_roguey [special_room_mythical_zoo], david_vaults_5,
          gauntlet_entry_generic, serial_shops, bzr_entry_water, serial_undead,
          serial_undead_b, serial_undead_a, serial_undead_a, serial_undead_e,
          serial_undead_b, serial_undead_c, serial_undead_c, serial_undead_d,
          serial_undead_e, serial_undead_e
D:15:     grunt_enter_depths_snipers, layout_cave_pools, serial_shops, shop,
          gammafunk_ghost_stat_death, serial_park, serial_park_tiny_2,
          serial_park_square3 [serial_park_minivault_5x5_7],
          serial_park_fountain, serial_park_tiny_2, serial_park_square1
          [serial_park_minivault_5x5_5], uniq_louise
Temple:   hellmonk_temple_of_storms
Lair:1:   statuecave_lemuel, layout_small_grid, portal_ice_cave_entry_pillars_2,
          uniq_urug
Lair:2:   layout_regular_city, nicolae_snake_entry_warm_welcome
Lair:3:   layout_long_grid, nicolae_swamp_entry_splash_gauntlet, minivault_24,
          nicolae_quartered_pool_little, grunt_forest_small_clearing_treed
Lair:4:   layout_hall_layers, infiniplex_staircase_pool_2, serial_bayou_shore_a
Lair:5:   gammafunk_lair_ancient_temple, layout_long_grid,
          dpeg_slime_entry_corner, serial_bayou_lagoon_b
Swamp:1:  layout_basic_swamp, nicolae_swamp_rocky_clearing, swamp_pool3
Swamp:2:  layout_basic_swamp, evilmike_swamp_ruin_rubble_2, swamp_pool1
Swamp:3:  layout_basic_swamp, nicolae_swamp_ascending_descending_big,
          uniq_jorgrun
Swamp:4:  swamp_alternative, layout_basic_swamp
Snake:1:  layout_gridlike, drop_trap, nicolae_snake_serpentine_bazaar,
          grunt_megastairs_3, minmay_shoptagon, serial_bayou_shore_b
Snake:2:  layout_honeycomb, basic_altar, drop_trap, uniq_aizul
Snake:3:  layout_layer_cave
Snake:4:  grunt_snake_rune_pools, layout_onion_interference,
          grunt_ministairs_10, st_stairs_1, abandoned_shop, drop_trap
Slime:1:  layout_caves
Slime:2:  layout_caves, nicolae_slime_round_cave
Slime:3:  layout_caves
Slime:4:  layout_caves
Slime:5:  slime_pit_nicolae_trefoil
Orc:1:    layout_diamond_mine, nicolae_volcano_entry_hallway, basic_altar,
          gammafunk_ghost_wrathful_warriors
Orc:2:    grunt_orc_cross, layout_caves, mines2_david, uniq_snorg,
          uniq_saint_roka
Elf:1:    layout_loops_cross, serial_shops, nicolae_shop_crystal,
          hangedman_elf_disciples, nicolae_elf_big_sculpture_2
Elf:2:    nicolae_elf_blades_crystal_corner, layout_gridlike
Elf:3:    nooodl_elf_gasket, layout_geoelf_castle
Vaults:1: ontoclasm_vaults_ligature, nicolae_vaults_ring_of_whatevers,
          nicolae_vaults_trapezoid_2, nicolae_vaults_storage_closets_1,
          ontoclasm_vaults_shout, nicolae_vaults_variable_pillar_hall,
          nicolae_vaults_rhombus_5, nicolae_vaults_closet_pinwheel_5,
          nicolae_vaults_weapon_check, nicolae_vaults_closet_pinwheel_6,
          nicolae_vaults_asterisk, nicolae_vaults_trapezoid_lopsided_1,
          layout_vaults_omnigrid
Vaults:2: ontoclasm_vaults_tryst, v_misc_24, nicolae_vaults_off_center_swirl,
          v_pattern_2, vaults_dpeg_diagonal, vaults_mumra_chevron_long,
          nicolae_vaults_twisting_passages, ontoclasm_vaults_shuriken,
          nicolae_vaults_trapezoid_4, v_misc_30, hangedman_vaults_capsules,
          v_misc_24, nicolae_vaults_angled_halls, vaults_dpeg_emergency_exit,
          vaults_room_door_ring, nicolae_vaults_layer_cake_slice,
          vaults_dpeg_encased_lava, layout_vaults_omnibox, serial_shops, shop,
          uniq_mennas, uniq_margery, uniq_mara
Vaults:3: nicolae_vaults_security_offices_3, nicolae_vaults_trapezoid_layered,
          v_pattern_3, nicolae_vaults_big_ls, nicolae_vaults_theta,
          grunt_vaults_swirl, nicolae_vaults_tetromino_Z_2,
          nicolae_vaults_network_quinsquares
          [nicolae_vaults_network_quincunx_subvault,
          nicolae_vaults_network_quincunx_subvault,
          nicolae_vaults_network_quincunx_subvault,
          nicolae_vaults_network_quincunx_subvault],
          minmay_crypt_entry_simple_corners, nicolae_vaults_what_the_h,
          nicolae_vaults_alarming, nicolae_vaults_little_squares_5,
          layout_vaults_big_cross, uniq_boris
Depths:1: layout_honeycomb, grunt_metal_band, rand_demon_pan_entry_4,
          abyss_entry, evilmike_ruin_ashenzari, hex_tiny,
          chequers_serial_rivers_room_b, hangedman_decor_riveting,
          nicolae_dithmenos_through_a_glass_darkly
Depths:2: minmay_the_grid_four_pointed_star
          [minmay_the_grid_triangle_9x9_fully_insulated_deathbox,
          minmay_the_grid_triangle_9x9_alien,
          minmay_the_grid_triangle_9x9_stretched_checkered,
          minmay_the_grid_triangle_9x9_zippers_vertical,
          minmay_the_grid_prize_diamond_cup], layout_basic, enter_ziggurat_c,
          abyss_entry, hell_entry, rand_demon_pan_entry_9, led_sif_pool,
          uniq_enchantress
Abyss:3:  base: D:4, evilmike_abyss_rune_ettins

Skill      XL: |  1  2  3  4  5  6  7  8  9 10 11 12 13 14 15 16 17 18 19 20 21 22 23 24 |
---------------+-------------------------------------------------------------------------+-----
Stealth        | 2 3 4 5 |  5.4
Dodging        | 3 4 5 6 8 9 11 13 16 17 21 22 | 22.0
Shields        | 1 2 3 4 7 8 10 12 15 | 15.0
Fighting       | 2 5 9 10 11 12 13 15 | 15.2
Polearms       | 2 |  2.1
Spellcasting   | 4 6 8 9 10 12 15 16 17 18 19 20 | 20.2
Conjurations   | 4 6 8 9 10 12 15 16 17 18 19 20 | 20.2
Hexes          | 4 6 8 9 10 12 15 16 17 18 19 20 | 20.2
Summonings     | 4 6 8 9 10 12 15 16 17 18 19 20 | 20.2
Necromancy     | 4 6 8 9 10 12 15 16 17 18 19 20 | 20.2
Translocations | 4 6 8 9 10 12 15 16 17 18 19 20 | 20.2
Transmutations | 4 6 8 9 10 12 15 16 17 18 19 20 | 20.2
Fire Magic     | 4 6 8 9 10 12 15 16 17 18 19 20 | 20.2
Ice Magic      | 4 6 8 9 10 12 15 16 17 18 19 21 | 21.0
Air Magic      | 4 6 8 9 10 12 15 16 17 18 19 20 | 20.2
Earth Magic    | 4 6 8 9 10 12 15 16 17 18 19 20 | 20.2
Poison Magic   | 4 6 8 9 10 12 15 16 17 18 19 20 | 20.2
Invocations    | 2 4 10 11 | 11.0
Evocations     | 1 5 7 10 | 10.0
Armour         | 3 4 6 8 |  8.0
Maces & Flails | |  0.1

Action                     |  1- 3 |  4- 6 |  7- 9 | 10-12 | 13-15 | 16-18 | 19-21 | 22-24 || total
---------------------------+-------+-------+-------+-------+-------+-------+-------+-------++-------
  Melee: Dagger            |     6 |     2 |     4 |       |       |       |       |       ||    12
         Trident           |       |     3 |    22 |       |       |       |       |       ||    25
         Staff             |       |       |     2 |    25 |    86 |     7 |     2 |    36 ||   158
         Double sword      |       |       |       |       |       |       |       |    33 ||    33
   Cast: Magic Dart        |    61 |    28 |   112 |   127 |   194 |    49 |       |       ||   571
         Searing Ray       |     5 |    12 |    25 |    17 |    30 |    14 |     1 |     1 ||   105
         Scorch            |       |       |    85 |   258 |   336 |   296 |     1 |     1 ||   977
         Iskenderun's Myst |       |       |     6 |    64 |    90 |   120 |    12 |     2 ||   294
         Fulminant Prism   |       |       |     4 |    37 |    11 |    13 |       |       ||    65
         Leda's Liquefacti |       |       |     4 |     5 |     1 |       |       |       ||    10
         Summon Ice Beast  |       |       |       |    14 |    33 |    34 |       |       ||    81
         Summon Forest     |       |       |       |       |    51 |    37 |     3 |     2 ||    93
         Summon Cactus Gia |       |       |       |       |    47 |    88 |     5 |     3 ||   143
         Dazzling Flash    |       |       |       |       |       |     3 |       |       ||     3
         Summon Hydra      |       |       |       |       |       |   114 |    50 |    45 ||   209
         Plasma Beam       |       |       |       |       |       |       |   425 |   445 ||   870
         Discord           |       |       |       |       |       |       |       |     4 ||     4
 Invoke: Heal Self         |       |       |       |     1 |       |     1 |       |       ||     2
         Recite            |       |       |       |       |       |    10 |     2 |     2 ||    14
Ability: Evoke Blink       |       |       |       |       |       |       |       |     1 ||     1
  Evoke: Wand              |       |       |       |     2 |    21 |    22 |     1 |       ||    46
    Use: Scroll            |       |       |     9 |     7 |     8 |    12 |     7 |    16 ||    59
         Potion            |       |       |       |     2 |       |     1 |     2 |     7 ||    12
   Stab: Sleeping          |     1 |       |     2 |       |     8 |       |       |     1 ||    12
         Distracted        |       |       |       |       |       |       |       |     2 ||     2
 Armour: Robe              |       |     1 |    12 |       |       |     2 |       |       ||    15
         Steam dragon scal |       |       |       |     9 |    23 |     5 |       |       ||    37
         Troll leather arm |       |       |       |       |       |    31 |    16 |     9 ||    56
         Acid dragon scale |       |       |       |       |       |       |       |    12 ||    12
  Dodge: Dodged            |    10 |    15 |    95 |   119 |   245 |   170 |    29 |   115 ||   798
  Block: Buckler           |     4 |     3 |    25 |    12 |       |       |       |       ||    44
         Kite shield       |       |       |       |    46 |   139 |   143 |    43 |   142 ||   513

Table legend: (Time is in decaauts)
 A = Elapsed time spent in this place.
 B = Non-inter-level travel time spent in this place.
 C = Inter-level travel time spent in this place.
 D = Time resting spent in this place.
 E = Time spent auto-exploring this place.
 F = Levels seen in this place.
 G = Mean time per level.
                   A        B        C        D        E       F      G
               +--------+--------+--------+--------+--------+-----+--------+
         Total |  56795 |  45913 |  10882 |   8804 |  18511 |  54 | 1051.8 |
       Dungeon |  20394 |  16823 |   3571 |   2243 |   9637 |  15 | 1359.6 |
        Temple |    325 |    272 |     53 |    100 |     18 |   1 |  325.0 |
          Lair |  10769 |   9260 |   1509 |   3798 |   2686 |   5 | 2153.8 |
         Swamp |   4341 |   4216 |    125 |   1128 |   1629 |   4 | 1085.2 |
     Snake Pit |   4138 |   3766 |    372 |     28 |   2705 |   4 | 1034.5 |
    Slime Pits |   1406 |   1115 |    291 |    287 |      0 |   5 |  281.2 |
  Orcish Mines |   1931 |   1347 |    584 |      4 |    701 |   2 |  965.5 |
   Elven Halls |   3768 |   2741 |   1027 |    121 |    917 |   3 | 1256.0 |
        Vaults |   3947 |   1948 |   1999 |     59 |     17 |   3 | 1315.7 |
        Depths |   2455 |   1108 |   1347 |    101 |     99 |   2 | 1227.5 |
         Abyss |    380 |    380 |      0 |      3 |     16 |   3 |  126.7 |
        Bazaar |     30 |     30 |      0 |      0 |      0 |   1 |   30.0 |
         Trove |     98 |     98 |      0 |      0 |      0 |   1 |   98.0 |
         Sewer |    283 |    283 |      0 |      0 |     86 |   1 |  283.0 |
        Bailey |    395 |    395 |      0 |     33 |      0 |   1 |  395.0 |
      Ice Cave |   1225 |   1225 |      0 |    899 |      0 |   1 | 1225.0 |
       Volcano |    641 |    641 |      0 |      0 |      0 |   1 |  641.0 |
      Gauntlet |    260 |    260 |      0 |      0 |      0 |   1 |  260.0 |
               +--------+--------+--------+--------+--------+-----+--------+

Top non-repeatable levels by time:
    D:11: 2648 daAuts
     D:9: 2528 daAuts
  Lair:5: 2473 daAuts
    D:10: 2371 daAuts
  Lair:3: 2133 daAuts
  Lair:4: 2113 daAuts
  Lair:1: 2093 daAuts
  Lair:2: 1955 daAuts
   Elf:3: 1804 daAuts
Vaults:1: 1614 daAuts
     D:5: 1592 daAuts
     D:8: 1539 daAuts
    D:14: 1506 daAuts
     D:7: 1325 daAuts
Depths:1: 1288 daAuts
